[Event "*** Titled Tuesday Blitz"]
[Site "Chess.com"]
[Date "2021.03.30"]
[Round "1"]
[White "Slovak_fighter2000"]
[Black "Hikaru"]
[Result "0-1"]
[WhiteElo "2478"]
[BlackElo "3208"]
[TimeControl "180+1"]
[EndTime "10:07:08 PDT"]
[Termination "Hikaru won on time"]

1. d4 g6 2. e4 Bg7 3. Nf3 c6 4. Nc3 d5 5. h3 dxe4 6. Nxe4 Nf6 7.
Nxf6+ exf6 8. Bd3 Be6 9. O-O O-O 10. c3 Nd7 11. Re1 Re8 12. Bf4 b5 13. Qd2 Nb6 14.
Bh6 Qd6 15. Bxg7 Kxg7 16. Qc2 a5 17. Nd2 f5 18. Nf3 a4 19. a3 Bb3 20. Qd2 Bd5 21.
Nh2 Bc4 22. Bc2 h5 23. Nf3 Bd5 24. Ne5 f6 25. Nd3 Nc4 26. Qc1 Bf7 27. Qd1 Rxe1+ 28.
Qxe1 Re8 29. Qd1 h4 30. Bb1 Na5 31. Bc2 Bb3 32. Qd2 Bf7 33. Re1 Re4 34. Rxe4 fxe4 35. Nc5 f5 36. Qg5 Nc4 37. Qc1 Qe7 38. Bd1 e3 39. Be2 Nd2 40. Qe1 Bc4 41. f3 f4 42.
Bxc4 Nxc4 43. Nd3 g5 44. Qe2 Qe6 45. Nc5 Qf5 46. Ne4 Kf8 47. Qc2 Ke7 48. Qe2 Kd8 49. Kh2 Kc7 50. Kg1 Nd6 51. Nc5 Qb1+ 52. Kh2 Nc4 53. Ne6+ Kb6 54. Nxg5 Qxb2 55. Qxb2 Nxb2 56. Kg1 Nd1 57. Ne6 e2 0-1

[Event "*** Titled Tuesday Blitz"]
[Site "Chess.com"]
[Date "2021.03.30"]
[Round "1"]
[White "DeTimmerman"]
[Black "Shuvalov"]
[Result "1-0"]
[WhiteElo "2726"]
[BlackElo "2395"]
[TimeControl "180+1"]
[EndTime "10:07:08 PDT"]
[Termination "DeTimmerman won by resignation"]

1. b4 e5 2. Bb2 Bxb4 3. Bxe5 Nf6 4. Nc3 Be7 5. e3 O-O 6. Bg3 d5 7. Nf3 c5 8. Be2 d4 9. Nb5 Nc6 10.
Nc7 Rb8 11. Nb5 Ra8 12. a4 Bf5 13. O-O Nb4 14. d3 dxe3 15. fxe3 Bd7 16. e4 Nc6 17. c4 Ng4 18. Qd2 Bf6 19. Rab1 Nge5 20. Nxe5 Nxe5 21. Nc3 Bc6 22. Nd5 Bxd5 23. exd5 Re8 24.
Rxb7 a5 25. Bf2 Rc8 26. Rb5 Nd7 27. Bg4 Bd4 28. Bxd4 cxd4 29. Qf2 f6 30. Qxd4 Ra8 31. Be6+ Kh8 32. Rb7 Ne5 33. Qe4 Ra6 34. Rfb1 Rd6 35. c5 Ra6 36. d4 Nc4 37. Rd7 Qa8 38. Rbb7 Rg8 39. Bxg8 Qxg8 40. Rxg7 Qxg7 41. Rxg7 Kxg7 42. d6 Nd2 43. Qe7+ Kg6 44. d7 Ra7 45. Qe8+ Kg5 46. d8=Q Rb7 47. Qe3+ 1-0

[Event "*** Titled Tuesday Blitz"]
[Site "Chess.com"]
[Date "2021.03.30"]
[Round "1"]
[White "vovachesss"]
[Black "sau6on"]
[Result "1-0"]
[WhiteElo "2674"]
[BlackElo "2354"]
[TimeControl "180+1"]
[EndTime "10:07:08 PDT"]
[Termination "vovachesss won by checkmate"]

1. e4 c5 2. d4 cxd4 3. c3 dxc3 4. Nxc3 Nc6 5. Nf3 d6 6. Bc4 a6 7.
O-O Nf6 8. h3 b5 9. Bb3 e6 10. Qe2 Be7 11. Rd1 Bd7 12. Bf4 Qb8 13. Rd2 Ra7 14. Rad1 Ne5 15. Bh2 O-O 16. Nd4 Rd8 17.
f4 Nc6 18. Nxc6 Bxc6 19. f5 e5 20. Bg3 b4 21. Nd5 Nxd5 22. Bxd5 Bxd5 23. Rxd5 a5 24. Qd3 Rc8 25. f6 gxf6 26. Qf3 Kh8 27. Bh4 Qb6+ 28.
Kh1 Qd8 29. Rxd6 Qf8 30. Bxf6+ Bxf6 31. Qxf6+ Qg7 32. Rd8+ Rxd8 33. Rxd8# 1-0

[Event "*** Titled Tuesday Blitz"]
[Site "Chess.com"]
[Date "2021.03.30"]
[Round "1"]
[White "bait_or_mate"]
[Black "Lyschko"]
[Result "0-1"]
[WhiteElo "2513"]
[BlackElo "2230"]
[TimeControl "180+1"]
[EndTime "10:07:08 PDT"]
[Termination "Lyschko won by resignation"]

1. d4 d6 2. c4 e5 3. e3 Nf6 4. Nc3 Be7 5. g3 O-O 6. Bg2 c6 7. Nge2 Bf5 8. O-O Nbd7 9. b3 Qc7 10. Bb2 Rad8 11. Rc1 Rfe8 12. h3 h6 13. g4 Bh7 14.
Ng3 Bf8 15. Qd2 Qb6 16. Rfd1 e4 17. Nce2 d5 18. Bc3 dxc4 19. bxc4 Ne5 20. Ba5 Qa6 21. Bxd8 Rxd8 22. Qc2 Nf3+ 23. Kh1 Qa5 24. Nc3 Qg5 25. Ncxe4 Nxe4 26. Nxe4 Qh4 27. Qe2 Bxe4 28. d5 Bd6 29.
dxc6 bxc6 30. c5 Bc7 31. Rxd8+ Bxd8 32. Rd1 Bf6 33. Rd7 Ng5 34. f3 Nxh3 35. fxe4 Nf4+ 0-1

[Event "*** Titled Tuesday Blitz"]
[Site "Chess.com"]
[Date "2021.03.30"]
[Round "1"]
[White "Aslanov_Umid"]
[Black "GMHess"]
[Result "0-1"]
[WhiteElo "2417"]
[BlackElo "2788"]
[TimeControl "180+1"]
[EndTime "10:07:09 PDT"]
[Termination "GMHess won by checkmate"]

1. e4 g6 2. d4 Bg7 3. Be3 a6 4. Nc3 d6 5. Qd2 Nd7 6. Nf3 e6 7. Be2 Ne7 8. h4 h6 9. g4 b5 10.
g5 h5 11. Nh2 Bb7 12. Bd3 c5 13. dxc5 Nxc5 14. O-O-O O-O 15. f3 Qa5 16. Kb1 b4 17. Ne2 Na4 18. Bd4 e5 19. Be3 d5 20. Nc1 d4 21. Nb3 Qb6 22. Bf2 a5 23. Ka1 Rfc8 24. f4 Nxb2 25. Kxb2 a4 26. Nc1 Rc3 27. fxe5 b3 28.
cxb3 axb3 29. axb3 Qa5 30. Bxd4 Qa1# 0-1

[Event "*** Titled Tuesday Blitz"]
[Site "Chess.com"]
[Date "2021.03.30"]
[Round "1"]
[White "volunteers1998"]
[Black "Sergey85Rodchenkov"]
[Result "1/2-1/2"]
[WhiteElo "2182"]
[BlackElo "2509"]
[TimeControl "180+1"]
[EndTime "10:07:09 PDT"]
[Termination "Game drawn by agreement"]

1. e4 c5 2. Nf3 d6 3. d4 cxd4 4.
Nxd4 Nf6 5. Nc3 a6 6. h3 e6 7. g4 d5 8. exd5 Nxd5 9. Nde2 Bb4 10. Bg2 O-O 11. O-O Bxc3 12. Nxc3 Nxc3 13. bxc3 Nc6 14.
Qxd8 Rxd8 15. Be3 e5 16. Rfd1 Be6 17. a3 Rxd1+ 18. Rxd1 Rc8 19. Rb1 b5 20. Rd1 Kf8 21. Rd6 Nb8 22. Bb7 Re8 23. Bc5 Kg8 24. Bc6 Nxc6 25. Rxc6 a5 26. Rb6 Bc4 27. Ra6 a4 28. Ra7 h6 29. Rd7 Re6 30. Re7 Rxe7 31. Bxe7 f6 32. f3 Kf7 33. Bc5 g6 34. Kf2 Ke6 35.
Ke3 Kd5 36. Bf8 h5 37. Bg7 f5 38. gxh5 gxh5 39. f4 e4 40. Bd4 Ba2 41. h4 Kc4 42.
Bf6 Bb1 43. Kd2 e3+ 44. Kxe3 Bxc2 45. Kd2 Be4 46. Be7 Kb3 47. Bb4 Kc4 48. Ke3 Bd3 1/2-1/2

[Event "*** Titled Tuesday Blitz"]
[Site "Chess.com"]
[Date "2021.03.30"]
[Round "1"]
[White "MYMChessAcademy"]
[Black "wadsy27"]
[Result "0-1"]
[WhiteElo "2261"]
[BlackElo "2566"]
[TimeControl "180+1"]
[EndTime "10:07:11 PDT"]
[Termination "wadsy27 won by checkmate"]

1. e4 c5 2. Nf3 e6 3. d4 cxd4 4. Nxd4 Nc6 5. Nc3 Qc7 6. Ndb5 Qb8 7. Be3 a6 8. Nd4 Qc7 9. Be2 Nf6 10. O-O Bb4 11. f3 d5 12. exd5 exd5 13. Re1 O-O 14. Bg5 Nxd4 15. Bxf6 Nxe2+ 16. Qxe2 gxf6 17. Nxd5 Qc5+ 18. Ne3 Re8 19. c3 Qxe3+ 20. Qxe3 Rxe3 21. Rxe3 Bc5 22. Re1 Be6 23. a3 Rd8 24. Kf1 Bc4+ 25. Kg1 Rd3 26. Kf2 f5 27. f4 Rxe3 28. Rxe3 Kg7 29. b4 Bb6 30. a4 Kf6 31. a5 Ba7 32.
g3 h5 33. h4 Bd5 34. c4 Bxc4 35. Kf3 Bd5+ 36. Kf2 Bxe3+ 37. Kxe3 Ke6 38. Kd4 Kd6 39. Kc3 f6 40. Kd4 Kc6 41. Kc3 Kb5 42. Kd4 Be6 43. Kc3 Bf7 44. Kd4 Kxb4 45. Kd3 Kxa5 46. Kc3 b5 47. Kb2 b4 48. Ka1 b3 49. Kb1 Kb4 50. Kb2 a5 51. Ka1 Ka3 52. Kb1 b2 53. Kc2 Ka2 54. Kd2 b1=Q 55. Ke3 Qb3+ 56. Kf2 Kb2 57. Kg2 Kc2 58. Kh3 Kd2 59. Kh2 Ke2 60. Kh3 Qf3 61.
Kh2 Bd5 62. Kg1 Qg2# 0-1

[Event "*** Titled Tuesday Blitz"]
[Site "Chess.com"]
[Date "2021.03.30"]
[Round "1"]
[White "SARGISMV"]
[Black "GigaQuparadze"]
[Result "0-1"]
[WhiteElo "2453"]
[BlackElo "2869"]
[TimeControl "180+1"]
[EndTime "10:07:12 PDT"]
[Termination "GigaQuparadze won by resignation"]

1. d4 Nf6 2. c4 e6 3. Nc3 Bb4 4. Bd2 O-O 5. Nf3 b6 6. e3 Bb7 7.
Bd3 Bxc3 8. Bxc3 Ne4 9. Bxe4 Bxe4 10. d5 exd5 11. cxd5 c5 12. dxc6 dxc6 13. Qa4 Qe7 14. Qd4 f6 15. O-O-O c5 16. Qd6 Nc6 17. Qxe7 Nxe7 18.
Rd7 Nd5 19. Rd1 Rfd8 20. Rxd8+ Rxd8 21. Be1 Kf7 22. b3 Ke8 23. h4 g6 24. Kb2 h6 25.
Bc3 g5 26. hxg5 hxg5 27. Ne1 Bg6 28. Rd2 g4 29. a3 Rd7 30. g3 a5 31. Ng2 Nxc3 32. Kxc3 Rxd2 33. Kxd2 Be4 34. Nf4 Ke7 35. Kc3 Kd6 36. Kc4 Bc6 37. a4 Be8 38. Nd3 Bf7+ 39.
Kc3 Kd5 40. Nc1 Ke4 41. Nd3 Bxb3 42. Nxc5+ bxc5 43. Kxb3 Kd3 44. Kb2 c4 45. Kc1 Ke2 46.
Kc2 Kxf2 47. Kc3 Kxg3 48. Kxc4 Kf3 49. Kd4 g3 50. e4 g2 51. e5 g1=Q+ 52. Kd5 fxe5 0-1

[Event "*** Titled Tuesday Blitz"]
[Site "Chess.com"]
[Date "2021.03.30"]
[Round "1"]
[White "Spriteball"]
[Black "Witik"]
[Result "0-1"]
[WhiteElo "2381"]
[BlackElo "2708"]
[TimeControl "180+1"]
[EndTime "10:07:12 PDT"]
[Termination "Witik won by resignation"]

1. d4 d5 2. c4 e6 3. Nf3 c6 4. Nc3 dxc4 5. a4 Bb4 6. e3 b5 7. Be2 Bb7 8. O-O a6 9. Qc2 Nf6 10. b3 cxb3 11. Qxb3 Be7 12. Bd2 Nbd7 13. Rfc1 O-O 14. e4 b4 15. Nd1 a5 16. Bd3 c5 17.
e5 Nd5 18. Ne3 cxd4 19. Nxd4 Nxe5 20. Bb1 Nf4 21. Qc2 g6 22. Qc7 Ba6 23. Qxe5 Qxd4 24. Qxd4 Ne2+ 25. Kh1 Nxd4 26. Be4 Rad8 27. Be1 Nb3 28.
Rab1 Nxc1 29. Rxc1 Rc8 30. Rb1 Rfd8 31. f3 f5 32. Bc2 Rxc2 33. Nxc2 Bd3 34. Rc1 Rc8 0-1

[Event "*** Titled Tuesday Blitz"]
[Site "Chess.com"]
[Date "2021.03.30"]
[Round "1"]
[White "chesslh19"]
[Black "biostatistician"]
[Result "0-1"]
[WhiteElo "2216"]
[BlackElo "2537"]
[TimeControl "180+1"]
[EndTime "10:07:13 PDT"]
[Termination "biostatistician won by resignation"]

1. e4 e6 2. d4 d5 3. Nd2 Nc6 4. Ngf3 Nf6 5. e5 Ne4 6. Bd3 Nxd2 7. Bxd2 Nb4 8. Be2 c5 9. c3 Nc6 10. O-O Bd7 11. a3 cxd4 12. cxd4 Qb6 13. Bc3 Na5 14. Bxa5 Qxa5 15. Rc1 Be7 16. Bd3 O-O 17. Qd2 Qxd2 18.
Nxd2 Rfc8 19. f4 f5 20. Kf2 h6 21. Ke3 g5 22. g3 Kg7 23. Nf3 Be8 24. Kd2 Bh5 25. Be2 Bg4 26. Rxc8 Rxc8 27. Rc1 Rxc1 28. Kxc1 Bd8 29. Kd2 Kg6 30. Ke3 Bb6 31. Bb5 Bd8 32.
Bd7 Kf7 33. Bc8 b6 34. Bd7 Be7 35. Bc8 Bh3 36. Bd7 Bf1 37. Bc8 Bb5 38. Bb7 Ke8 39.
Ne1 Kd7 40. b3 Kc7 41. a4 Bxa4 42. bxa4 Kxb7 43. Nd3 Kc6 44. Kd2 b5 45. axb5+ Kxb5 46. Kc3 a5 47. Nf2 g4 48. h3 h5 49. hxg4 hxg4 50. Nd3 Bb4+ 51. Kc2 Kc4 52. Nb2+ Kxd4 53.
Na4 Ke4 54. Nb6 Kf3 55. Nd7 Kxg3 56. Nf6 Kxf4 57. Nd7 g3 0-1

[Event "*** Titled Tuesday Blitz"]
[Site "Chess.com"]
[Date "2021.03.30"]
[Round "1"]
[White "anon219"]
[Black "scandalgod"]
[Result "1-0"]
[WhiteElo "2853"]
[BlackElo "2440"]
[TimeControl "180+1"]
[EndTime "10:07:14 PDT"]
[Termination "anon219 won by checkmate"]

1. e4 e5 2. Bc4 Nf6 3. Nc3 Nc6 4. d3 Na5 5. Qf3 Nxc4 6. dxc4 Be7 7. Nge2 d6 8. h3 Be6 9. b3 c6 10. O-O O-O 11. a4 Qc7 12. Rd1 Rad8 13. Ba3 Rd7 14. Ng3 g6 15. Rd3 Rfd8 16. Rad1 Qa5 17. Qe3 a6 18.
Qd2 Qc7 19. f4 exf4 20. Qxf4 Qa5 21. Nce2 Nh5 22. Nxh5 Qxh5 23. Nd4 Bg5 24. Qg3 Bh4 25. Qf4 Bg5 26. Qf2 Bh4 27. g3 Be7 28. g4 Qe5 29.
Nf3 Qf4 30. Bc1 Qf6 31. Bg5 Qg7 32. Bxe7 Rxe7 33. Rxd6 Rxd6 34. Rxd6 Re8 35. Qd4 Qh6 36. Kg2 Qc1 37. Qd2 Qa1 38. g5 Rf8 39. Nd4 Bc8 40. e5 c5 41. Nf3 Bf5 42. Qe1 Qb2 43.
Rd2 Re8 44. Re2 Re6 45. Qd2 Qb1 46. Qd8+ Kg7 47. Rd2 Bxc2 48. Qf6+ Rxf6 49. exf6+ Kf8 50. Rd8# 1-0

[Event "*** Titled Tuesday Blitz"]
[Site "Chess.com"]
[Date "2021.03.30"]
[Round "1"]
[White "matecontomate123"]
[Black "tptagain"]
[Result "0-1"]
[WhiteElo "2427"]
[BlackElo "2826"]
[TimeControl "180+1"]
[EndTime "10:07:14 PDT"]
[Termination "tptagain won on time"]

1. Nf3 b6 2. e4 Bb7 3. Qe2 c5 4. c4 Nc6 5. Nc3 g6 6. d3 Bg7 7. g3 d6 8. Bg2 Nf6 9. h3 O-O 10. O-O e6 11. Rd1 Nd7 12. Be3 Nde5 13. Nxe5 Bxe5 14. f4 Bg7 15. Qf2 Re8 16. Rac1 a6 17. b3 Qd7 18. Ne2 b5 19. d4 cxd4 20. Nxd4 bxc4 21.
Nxc6 Bxc6 22. Rxc4 d5 23. exd5 Bxd5 24. Bxd5 exd5 25.
Rc2 Qxh3 26. Rxd5 Re4 27. Rcd2 Rae8 28. Rd8 h5 29. Qf3 Re7 30. Bf2 Kh7 31. Rxe8 Rxe8 32.
Re2 Rc8 33. Be3 Rc3 34. Qg2 Qg4 35. Re1 Bd4 36. Bxd4 Rxg3 37. Qxg3 Qxg3+ 38. Kf1 Qd3+ 0-1

[Event "*** Titled Tuesday Blitz"]
[Site "Chess.com"]
[Date "2021.03.30"]
[Round "1"]
[White "Volodar_Murzin"]
[Black "ZEN-22"]
[Result "1-0"]
[WhiteElo "2766"]
[BlackElo "2410"]
[TimeControl "180+1"]
[EndTime "10:07:16 PDT"]
[Termination "Volodar_Murzin won by checkmate"]

1. e4 d5 2. exd5 c6 3. d4 cxd5 4. Bd3 Nc6 5. c3 e5 6. dxe5 Nxe5 7. Bb5+ Nc6 8. Nf3 Bc5 9. O-O Nf6 10. Nbd2 O-O 11.
Nb3 Bb6 12. Nfd4 Qd6 13. Bd3 h6 14. Re1 Ng4 15. g3 Qf6 16. Bf4 g5 17. Be3 Re8 18. Qd2 Bd7 19. Bf1 Nce5 20. f4 Nf3+ 21. Nxf3 Bxe3+ 22. Rxe3 Nxe3 23. Nbd4 gxf4 24. gxf4 Qg7+ 25. Kh1 Bg4 26.
Bd3 Qf6 27. Rg1 Qxf4 28. h3 h5 29. Rxg4+ hxg4 30. hxg4 Kg7 31. Nh4 Rh8 32. Nf5+ Nxf5 33. Qxf4 Rxh4+ 34. Kg1 Rah8 35. Qg5+ Kf8 36. Qd8+ Kg7 37.
Qg5+ Kf8 38. Bxf5 R4h6 39. Kf2 f6 40. Qf4 Rh2+ 41. Ke3 R8h3+ 42. Kd4 Rg2 43. Qd6+ Kg7 44. Qe7+ Kh6 45. Qxf6# 1-0

[Event "*** Titled Tuesday Blitz"]
[Site "Chess.com"]
[Date "2021.03.30"]
[Round "1"]
[White "paulrusan"]
[Black "Fighter008"]
[Result "0-1"]
[WhiteElo "2305"]
[BlackElo "2604"]
[TimeControl "180+1"]
[EndTime "10:07:16 PDT"]
[Termination "Fighter008 won by resignation"]

1. e4 c5 2. b4 cxb4 3. Bb2 d6 4.
d4 Nf6 5. Bd3 e6 6. Ne2 Be7 7.
O-O O-O 8. Nd2 Nc6 9. h3 e5 10. f4 exd4 11. Nxd4 Qb6 12. Nc4 Qc5 13. Kh1 Nxd4 14. Bxd4 Qxd4 15. e5 dxe5 16. fxe5 Ne4 17. Qf3 Ng5 18. Qh5 g6 19. Qh6 Be6 20. Nd2 Qxe5 21.
Rae1 Qg7 22. Qh4 Rae8 23. Qf2 b6 24. h4 Bc5 25. Qg3 Qc3 26. Qxg5 Be7 27. Qh6 Qg7 28.
Qf4 a5 29. Ne4 Bxa2 30. Nd6 Bxd6 31. Qxd6 Rxe1 32. Rxe1 Qh6 33. g3 Qd2 34. Re2 Qc1+ 35. Kh2 Be6 36. Qxb6 Qa1 37. Rxe6 fxe6 38. Qxe6+ Kg7 39.
Bc4 Qf6 40. Qd7+ Kh8 41. Qa7 Qf2+ 42. Kh3 Qxa7 0-1

[Event "*** Titled Tuesday Blitz"]
[Site "Chess.com"]
[Date "2021.03.30"]
[Round "1"]
[White "woodhy"]
[Black "iwanyu"]
[Result "0-1"]
[WhiteElo "2452"]
[BlackElo "2862"]
[TimeControl "180+1"]
[EndTime "10:07:17 PDT"]
[Termination "iwanyu won by resignation"]

1. e4 e5 2. Nf3 Nc6 3. Bb5 a6 4.
Bxc6 dxc6 5. O-O Qf6 6. c3 Ne7 7. d4 Ng6 8. Bg5 Qd6 9. Nbd2 Be6 10. Re1 f6 11. Be3 Be7 12. Qe2 exd4 13. Nxd4 O-O 14. Nc4 Qd7 15. Rad1 Qc8 16. f4 Bg4 17. Nf3 Nh4 18.
Ncd2 Qe6 19. a3 Nxf3+ 20. gxf3 Bh5 21. Kh1 f5 22. Bd4 fxe4 23. Qxe4 Qxe4 24. Rxe4 Bd6 25. Be5 Bxe5 26. fxe5 Rad8 27. Rd4 c5 28. Rxd8 Rxd8 29.
Kg2 Rd3 30. Kf2 Bxf3 31. Re1 Rxd2+ 32. Kxf3 Kf7 33. Ke4 Ke6 34. Rg1 g6 35. b4 cxb4 36.
axb4 Rxh2 37. Rg4 b6 38. Rf4 Re2+ 39. Kd4 Rxe5 40. Rf8 Rd5+ 41. Kc4 b5+ 42. Kb3 c5 43. Rh8 h5 44. Ra8 c4+ 45. Kc2 Rd6 46. Rg8 Kf5 0-1

[Event "*** Titled Tuesday Blitz"]
[Site "Chess.com"]
[Date "2021.03.30"]
[Round "1"]
[White "Smile2005"]
[Black "GMKrikor"]
[Result "0-1"]
[WhiteElo "2432"]
[BlackElo "2821"]
[TimeControl "180+1"]
[EndTime "10:07:18 PDT"]
[Termination "GMKrikor won on time"]

1. Nf3 d5 2. g3 g6 3. Bg2 Bg7 4. O-O e5 5. d3 Ne7 6. Nbd2 O-O 7. e4 Nbc6 8. exd5 Nxd5 9. Re1 Re8 10. Nc4 h6 11. a3 a5 12. Ne3 Be6 13. Nxd5 Bxd5 14. c3 Qd6 15. Be3 Rad8 16. b4 b6 17. b5 Ne7 18. Qd2 Nf5 19. c4 Bb7 20. Rad1 Qxa3 21.
Nh4 Bxg2 22. Nxf5 gxf5 23. Kxg2 Re6 24. d4 f4 25. gxf4 Rg6+ 26. Kh1 exd4 27. f5 Rgd6 28. Bf4 Qf3+ 29. Kg1 Rf6 30. Bg3 Rxf5 31. Re7 d3 32. Rxc7 Be5 33. Qxh6 Qxd1+ 34. Kg2 Qf3+ 35. Kg1 Bxg3 0-1

[Event "*** Titled Tuesday Blitz"]
[Site "Chess.com"]
[Date "2021.03.30"]
[Round "1"]
[White "BvsN"]
[Black "GregShahade"]
[Result "0-1"]
[WhiteElo "2390"]
[BlackElo "2719"]
[TimeControl "180+1"]
[EndTime "10:07:18 PDT"]
[Termination "GregShahade won by resignation"]

1. c4 Nf6 2. Nc3 d5 3. cxd5 Nxd5 4. Nf3 g6 5. h4 Nxc3 6. dxc3 Qxd1+ 7. Kxd1 h5 8. Bf4 f6 9. e4 e5 10. Be3 Be6 11. Kc2 Nd7 12. Nd2 Bc5 13. Bxc5 Nxc5 14. a4 O-O-O 15. Be2 a5 16. f3 Rd7 17. Nc4 Rhd8 18. Rhd1 Rxd1 19. Rxd1 Rxd1 20. Kxd1 Nxa4 21. Nxa5 Nxb2+ 22. Kc2 Na4 23. Bb5 Nc5 24. Be8 b6 25. Nc6 Bd7 26. Ne7+ Kd8 27. Bxd7 Kxe7 28. Bc6 Ne6 29.
g3 Nc5 30. Bd5 g5 31. Bc4 Ne6 32. Kd2 gxh4 33. gxh4 Nf4 34. Bf1 Ng6 35. Ke3 Nxh4 36. f4 Ng6 37. fxe5 fxe5 38. Be2 Nf4 39. Bf3 Kd6 40. Kf2 Kc5 41. Kg3 Kc4 42. Kh4 Kxc3 43.
Kg5 Kd4 44. Kf5 c5 45. Kg5 c4 46. Kh4 c3 47. Bd1 Kxe4 48. Bc2+ Ke3 49. Kg3 Kd2 50. Be4 c2 0-1

[Event "*** Titled Tuesday Blitz"]
[Site "Chess.com"]
[Date "2021.03.30"]
[Round "1"]
[White "noblerone"]
[Black "Abund"]
[Result "0-1"]
[WhiteElo "2398"]
[BlackElo "2735"]
[TimeControl "180+1"]
[EndTime "10:07:19 PDT"]
[Termination "Abund won by resignation"]

1. d4 Nf6 2. Nf3 g6 3. Bg5 Bg7 4. Nbd2 d5 5. e3 Nbd7 6. Be2 O-O 7. O-O b6 8. a4 a6 9. c3 Bb7 10. Qb3 c5 11. h3 h6 12. Bh4 e6 13. Ne5 Qc7 14. f4 Rab8 15. Rac1 Rfc8 16. Qa2 cxd4 17. exd4 Qd6 18. Bd3 Ne4 19. Nxd7 Qxd7 20. Nf3 Qd6 21.
Ne5 Rc7 22. Rce1 Ra8 23. Re2 b5 24. axb5 axb5 25. Qb1 b4 26. c4 Qb6 27. c5 Qa5 28. Bxe4 dxe4 29. Bf2 Bd5 30. Be3 Qb5 31. Rfe1 Rca7 32.
Qc2 b3 33. Qd2 Kh7 34. Kh2 h5 35. Rc1 f6 36. Nxg6 Kxg6 37. Rf2 f5 38. Re2 Bf6 39. Ree1 Rg7 40. Bf2 Kf7 41. Qe3 Rag8 42. g3 h4 43. Rg1 hxg3+ 44. Bxg3 Qd3 45. Rce1 Bxd4 0-1

[Event "*** Titled Tuesday Blitz"]
[Site "Chess.com"]
[Date "2021.03.30"]
[Round "1"]
[White "elohunter1999"]
[Black "LamaChampetre"]
[Result "1-0"]
[WhiteElo "2546"]
[BlackElo "2232"]
[TimeControl "180+1"]
[EndTime "10:07:20 PDT"]
[Termination "elohunter1999 won on time"]

1. d4 Nf6 2. c4 g6 3. f3 Nc6 4. d5 Ne5 5. e4 d6 6. Nc3 Bg7 7. f4 Ned7 8. Nh3 O-O 9. Nf2 c6 10. Be2 Qb6 11. O-O Nc5 12. Kh1 cxd5 13. cxd5 Bd7 14. Rb1 Qb4 15. Bf3 Rac8 16. Be3 Na4 17. Ne2 Nxb2 18. Qd4 Qxd4 19. Bxd4 Nc4 20. Rxb7 Ba4 21.
Rxe7 a6 22. Nc3 Bb5 23. Nxb5 axb5 24. Rd1 Rfe8 25. Rxe8+ Rxe8 26. g3 h5 27. Kg2 Ra8 28.
Ra1 Nd7 29. Bxg7 Kxg7 30. Nd3 Nc5 31. Nxc5 dxc5 32. e5 Kf8 33. d6 Ra3 34. Rb1 1-0

[Event "*** Titled Tuesday Blitz"]
[Site "Chess.com"]
[Date "2021.03.30"]
[Round "1"]
[White "Ave_Mariia"]
[Black "TheCairnTerrier"]
[Result "1-0"]
[WhiteElo "2509"]
[BlackElo "2133"]
[TimeControl "180+1"]
[EndTime "10:07:21 PDT"]
[Termination "Ave_Mariia won by resignation"]

1. d4 Nf6 2. c4 g6 3. Nc3 Bg7 4.
e4 d6 5. Be2 O-O 6. Nf3 Na6 7.
Be3 Ng4 8. Bg5 f6 9. Bh4 e5 10. O-O Nh6 11. Qd2 c6 12. Rad1 Qe7 13. a3 Nf7 14. b4 Nc7 15. c5 Ne6 16. d5 Nf4 17. dxc6 dxc5 18. Nd5 Nxd5 19. exd5 bxc6 20. d6 Qe6 21.
bxc5 Bd7 22. Qc2 Rab8 23. Bc4 Qf5 24. Qa2 h5 25. Bg3 e4 26. Nh4 Qg5 27. f4 exf3 28.
Rxf3 Qxc5+ 29. Bf2 Qg5 30. Re3 f5 31. Re7 Be8 32. Rde1 Bf6 33. Rxe8 Rbxe8 34. Rxe8 Rxe8 35. Bxf7+ Kg7 36. h3 Rd8 37. Bxg6 Qc1+ 38. Kh2 Qf4+ 39. Bg3 Qe4 40. Qf7+ 1-0

[Event "*** Titled Tuesday Blitz"]
[Site "Chess.com"]
[Date "2021.03.30"]
[Round "1"]
[White "ExtremeLearner"]
[Black "ShimanovAlex"]
[Result "0-1"]
[WhiteElo "2422"]
[BlackElo "2798"]
[TimeControl "180+1"]
[EndTime "10:07:22 PDT"]
[Termination "ShimanovAlex won by checkmate"]

1. d4 d6 2. Nf3 Nf6 3. g3 g6 4. Bg2 Bg7 5. O-O O-O 6. b3 e5 7. dxe5 dxe5 8. Bb2 e4 9. Ng5 Qe7 10. e3 h6 11. Nh3 g5 12. Kh1 Nbd7 13. Nc3 Ne5 14. Nd5 Nxd5 15. Qxd5 Nf3 16. Bxg7 Kxg7 17. Ng1 c6 18. Qd1 Rd8 19. Qc1 Bg4 20. h3 Nxg1 21.
Kxg1 Bf5 22. Qb2+ Qf6 23. Qxf6+ Kxf6 24. Rfd1 a5 25. a4 Ke5 26. Kf1 Be6 27. Ke2 h5 28.
Rxd8 Rxd8 29. Rd1 Rxd1 30. Kxd1 h4 31. gxh4 gxh4 32. Ke2 b5 33. Kd2 f5 34. Kc3 b4+ 35. Kd2 c5 36. Bf1 f4 37. Ke1 c4 38. bxc4 Bd7 39. Kd2 Bxa4 40. c3 b3 41. Kc1 Bd7 42. Kb2 a4 43. Ka3 f3 44. Kb2 Kd6 45. Ka3 Kc5 46.
Kb2 Be6 47. Ka3 Bxc4 48. Bxc4 Kxc4 49. Kxa4 b2 50. Ka3 b1=Q 51. Ka4 Qa2# 0-1

[Event "*** Titled Tuesday Blitz"]
[Site "Chess.com"]
[Date "2021.03.30"]
[Round "1"]
[White "FeketeBarika"]
[Black "UKR_Master"]
[Result "0-1"]
[WhiteElo "2255"]
[BlackElo "2560"]
[TimeControl "180+1"]
[EndTime "10:07:22 PDT"]
[Termination "UKR_Master won by resignation"]

1. Nf3 Nf6 2. g3 g6 3. Bg2 Bg7 4. O-O O-O 5. c4 c6 6. Nc3 d5 7.
cxd5 cxd5 8. d4 Ne4 9. Bf4 Nxc3 10. bxc3 Nc6 11. Rc1 Bf5 12. e3 Rc8 13. c4 dxc4 14. Rxc4 Be4 15. Nd2 Bxg2 16. Kxg2 e6 17. Qf3 g5 18.
Be5 Bxe5 19. dxe5 Qxd2 20. Rg4 h6 21. Qf6 Kh7 22. Re4 Qd5 23. f3 Qd8 24. h4 Qxf6 25.
exf6 Kg6 26. hxg5 hxg5 27. f4 Kxf6 28. fxg5+ Kg7 29. Rg4 Ne5 30. Rb4 b6 31. a4 Rc2+ 32. Kg1 Rh8 33. Re4 Rhh2 34. Rff4 Rhg2+ 35. Kf1 Nd3 36. Rf3 Rgf2+ 37. Rxf2 Rxf2+ 38. Kg1 Ra2 39. Rd4 Nc5 40.
a5 Rxa5 41. Rg4 Ra1+ 42. Kg2 Kg6 43. Kh3 Ra4 44. Rxa4 Nxa4 0-1

[Event "*** Titled Tuesday Blitz"]
[Site "Chess.com"]
[Date "2021.03.30"]
[Round "1"]
[White "LionTheLeon_06"]
[Black "KroshkaKami"]
[Result "1-0"]
[WhiteElo "2693"]
[BlackElo "2366"]
[TimeControl "180+1"]
[EndTime "10:07:23 PDT"]
[Termination "LionTheLeon_06 won on time"]

1. c4 e5 2. d3 d6 3. Nc3 f5 4. g3 Nf6 5. Bg2 g6 6. e3 Bg7 7. Nge2 O-O 8. O-O c6 9. e4 fxe4 10. dxe4 Be6 11. b3 a6 12. Qd3 Qe7 13.
h3 Nbd7 14. Be3 Rad8 15. Rad1 Nc5 16. Qc2 Qc7 17. f4 exf4 18. Nxf4 Bf7 19. e5 dxe5 20. Bxc5 exf4 21. Bxf8 Rxf8 22. gxf4 Be6 23. Ne4 Nh5 24. Ng5 Bf5 25. Qd2 Qb6+ 26. Kh2 h6 27. Nf3 Qc7 28.
Nh4 Kh7 29. Qe3 Qf7 30. Nxf5 Qxf5 31. Be4 Qe6 32. Rde1 Qd6 33. Kh1 1-0

[Event "*** Titled Tuesday Blitz"]
[Site "Chess.com"]
[Date "2021.03.30"]
[Round "1"]
[White "Myshakov_Fedor"]
[Black "Harry_Rakkel"]
[Result "1/2-1/2"]
[WhiteElo "2344"]
[BlackElo "2617"]
[TimeControl "180+1"]
[EndTime "10:07:25 PDT"]
[Termination "Game drawn by repetition"]

1. c4 Nf6 2. Nc3 e6 3. d4 Bb4 4. Bd2 O-O 5. Nf3 d5 6. c5 b6 7. a3 Bxc3 8. Bxc3 Ne4 9. Rc1 a5 10. b4 axb4 11. Bxb4 bxc5 12. Bxc5 Nxc5 13. Rxc5 Rxa3 14.
e3 Nd7 15. Rc1 c5 16. dxc5 Qa5+ 17. Qd2 Nxc5 18. Qxa5 Rxa5 19. Be2 Bd7 20. Ne5 Ba4 21. Ra1 Rfa8 22. O-O f6 23. Nf3 Ne4 24. Nd4 Kf7 25.
Rfc1 R8a7 26. Bf3 Nd6 27. h4 Ke7 28. Bg4 e5 29. Rxa4 Rxa4 30. Nc6+ Kf7 31. Nxa7 Rxa7 32. Rc5 f5 33. Bh3 Ke6 34. f3 h5 35. g4 hxg4 36. fxg4 g6 37. h5 Ra1+ 38. Kg2 Ra2+ 39. Kg1 fxg4 40.
Bxg4+ Kf6 41. Rc6 Kg5 42. Rxd6 Kxg4 43. hxg6 Kg3 44. Kf1 Ra7 45. Rxd5 Kf3 46. Kg1 e4 47. Rg5 Rg7 48. Kf1 Kxe3 49. Rg3+ Kf4 50. Kf2 e3+ 51. Rxe3 Rxg6 52. Rf3+ Ke4 53. Re3+ Kf4 54. Rf3+ Ke4 55. Re3+ Kf4 1/2-1/2